UAA
CHESAPEAKE CONTINENTALS @ COLORADO SPRINGS VELOCITY
07/06/2018
 
TOP OF THE 1ST
Chesapeake Continentals batting - Pitching for Colorado Springs Velocity : RHP Gonzalo Velásquez
Pitching: RHP Gonzalo Velásquez
Batting: LHB Munemori Ohara 0-0: Ball
1-0: Ball
2-0: Ground out U3 (Groundball, 3)
Batting: LHB Thomas Campbell 0-0: Foul Ball, location: 2F
0-1: Foul Ball, location: 2F
0-2: Foul Ball, location: 2F
0-2: Ball
1-2: DOUBLE (Flyball, 78XD)
Batting: RHB Steve Hinkle 0-0: Ball
1-0: Ball
2-0: Foul Ball, location: 2F
2-1: Ball
3-1: Base on Balls
Batting: RHB Gil Moore 0-0: Fly out, F3 (Popup, 34S)
Batting: RHB Brandon Reed 0-0: Ball
1-0: Ball
2-0: Ball
3-0: Called Strike
3-1: DOUBLE (Flyball, 89M)
Thomas Campbell scores
Steve Hinkle to third
Batting: RHB Cliff May 0-0: Called Strike
0-1: SINGLE (Line Drive, 8LS)
Steve Hinkle scores
Brandon Reed to third
Runner from 3rd tries for Home, SAFE, no throw or cutoff
Batting: RHB Danny Spencer 0-0: Fielders Choice at 2nd, 5-4 (Groundball, 5)
Top of the 1st over - 3 run(s), 3 hit(s), 0 error(s), 0 left on base; Chesapeake 3 - Colorado Springs 0
BOTTOM OF THE 1ST
Colorado Springs Velocity batting - Pitching for Chesapeake Continentals : RHP Joseph Reed
Pitching: RHP Joseph Reed
Batting: SHB Tom Palmer 0-0: Foul Ball, location: 2F
0-1: Ball
1-1: Foul Ball, location: 2F
1-2: Strikes out swinging
Batting: RHB Dan Hart 0-0: Called Strike
0-1: Swinging Strike
0-2: Ball
1-2: Ball
2-2: Foul Ball, location: 2F
2-2: Foul Ball, location: 2F
2-2: Strikes out swinging
Batting: RHB Marcos Rivera 0-0: Foul Ball, location: 2F
0-1: Ball
1-1: Foul Ball, location: 2F
1-2: Foul Ball, location: 2F
1-2: Strikes out swinging
Bottom of the 1st over - 0 run(s), 0 hit(s), 0 error(s), 0 left on base; Chesapeake 3 - Colorado Springs 0
TOP OF THE 2ND
Chesapeake Continentals batting - Pitching for Colorado Springs Velocity : RHP Gonzalo Velásquez
Batting: RHB Roger Lakes 0-0: Swinging Strike
0-1: Ball
1-1: Ball
2-1: Swinging Strike
2-2: Ground out 1-3 (Groundball, 15S)
Batting: RHB Gustavo Varela 0-0: Ball
1-0: Ball
2-0: Ball
3-0: Called Strike
3-1: Foul Ball, location: 2F
3-2: Base on Balls
Batting: LHB Munemori Ohara 0-0: Called Strike
0-1: Ball
1-1: Foul Ball, location: 2F
1-2: Strikes out swinging
Gustavo Varela steals 2nd base
Batter strikes out.
Batting: LHB Thomas Campbell 0-0: Called Strike
0-1: Ball
1-1: Ball
2-1: Fly out, F3 (Popup, 3SF)
Top of the 2nd over - 0 run(s), 0 hit(s), 0 error(s), 1 left on base; Chesapeake 3 - Colorado Springs 0
BOTTOM OF THE 2ND
Colorado Springs Velocity batting - Pitching for Chesapeake Continentals : RHP Joseph Reed
Batting: RHB Luis Sáenz 0-0: Foul Ball, location: 2F
0-1: Ball
1-1: Foul Ball, location: 2F
1-2: Foul Ball, location: 2F
1-2: Strikes out looking
Batting: RHB Brian King 0-0: Swinging Strike
0-1: Foul Ball, location: 2F
0-2: Ball
1-2: Ball
2-2: Fly out, F3 (Popup, 3F)
Batting: RHB Dave Waller 0-0: Ball
1-0: Foul Ball, location: 2F
1-1: Called Strike
1-2: Ball
2-2: Foul Ball, location: 2F
2-2: Ball
3-2: Foul Ball, location: 2F
3-2: Fly out, F8 (Line Drive, 8LM)
Bottom of the 2nd over - 0 run(s), 0 hit(s), 0 error(s), 0 left on base; Chesapeake 3 - Colorado Springs 0
TOP OF THE 3RD
Chesapeake Continentals batting - Pitching for Colorado Springs Velocity : RHP Gonzalo Velásquez
Batting: RHB Steve Hinkle 0-0: Swinging Strike
0-1: SINGLE (Line Drive, 6)
Batting: RHB Gil Moore 0-0: Ball
1-0: Called Strike
Throwing error on steal attempt, E2
Steve Hinkle to third
1-1: Ball
2-1: Ball
3-1: Called Strike
3-2: Ground out 1-3 (Groundball, 15S)
Batting: RHB Brandon Reed 0-0: SINGLE (Line Drive, 8LS)
Steve Hinkle scores
Batting: RHB Cliff May 0-0: Called Strike
0-1: Ball
1-1: Fly out, F3 (Popup, 4)
Batting: RHB Danny Spencer 0-0: Ball
1-0: SINGLE (Groundball, 5D)
Brandon Reed to second
Batting: RHB Roger Lakes 0-0: Ball
1-0: Called Strike
1-1: Swinging Strike
1-2: Ball
2-2: Foul Ball, location: 2F
2-2: Foul Ball, location: 2F
2-2: Foul Ball, location: 2F
2-2: Foul Ball, location: 2F
2-2: Ball
3-2: Hit by Pitch
Brandon Reed to third
Danny Spencer to second
Batting: RHB Gustavo Varela 0-0: Foul Ball, location: 2F
0-1: Fly out, F8 (Flyball, 8RM)
Top of the 3rd over - 1 run(s), 3 hit(s), 1 error(s), 3 left on base; Chesapeake 4 - Colorado Springs 0
BOTTOM OF THE 3RD
Colorado Springs Velocity batting - Pitching for Chesapeake Continentals : RHP Joseph Reed
Batting: RHB Eric Randolph 0-0: Called Strike
0-1: Ball
1-1: Ball
2-1: Fly out, F4 (Line Drive, 4)
Batting: RHB Pablo Márquez 0-0: Foul Ball, location: 2F
0-1: Ball
1-1: Ball
2-1: Ground out 6-3 (Groundball, 6)
Batting: RHB Randy Tucker 0-0: Called Strike
0-1: Ball
1-1: Swinging Strike
1-2: Foul Ball, location: 2F
1-2: Foul Ball, location: 2F
1-2: Ball
2-2: Fly out, F8 (Flyball, 8LM)
Bottom of the 3rd over - 0 run(s), 0 hit(s), 0 error(s), 0 left on base; Chesapeake 4 - Colorado Springs 0
TOP OF THE 4TH
Chesapeake Continentals batting - Pitching for Colorado Springs Velocity : RHP Gonzalo Velásquez
Batting: LHB Munemori Ohara 0-0: Called Strike
0-1: Swinging Strike
0-2: Ball
1-2: Foul Ball, location: 2F
1-2: Strikes out swinging
Batting: LHB Thomas Campbell 0-0: Called Strike
0-1: Swinging Strike
0-2: Foul Ball, location: 2F
0-2: Ball
1-2: Fly out, F8 (Flyball, 8RM)
Batting: RHB Steve Hinkle 0-0: Ball
1-0: Ball
2-0: Ball
3-0: Base on Balls
Batting: RHB Gil Moore 0-0: SINGLE (Line Drive, 4D)
Steve Hinkle to second
Runner from 2nd tries for 3rd, SAFE, throw made to third
Batting: RHB Brandon Reed 0-0: Foul Ball, location: 2F
0-1: SINGLE (Groundball, 56D)
Steve Hinkle scores
Gil Moore to second
Pitching: RHP Anthony McLaughlin
Batting: RHB Cliff May 0-0: Ball
1-0: Fielders Choice at 2nd, 6-4 (Groundball, 6)
Top of the 4th over - 1 run(s), 2 hit(s), 0 error(s), 1 left on base; Chesapeake 5 - Colorado Springs 0
BOTTOM OF THE 4TH
Colorado Springs Velocity batting - Pitching for Chesapeake Continentals : RHP Joseph Reed
Batting: SHB Tom Palmer 0-0: Ball
1-0: Swinging Strike
1-1: Foul Ball, location: 2F
1-2: Strikes out swinging
Batting: RHB Dan Hart 0-0: Ball
1-0: Ground out 6-3 (Groundball, 56)
Batting: RHB Marcos Rivera 0-0: Called Strike
0-1: Ball
1-1: Ball
2-1: Foul Ball, location: 2F
2-2: Ball
3-2: Fly out, F8 (Line Drive, 8RM)
Bottom of the 4th over - 0 run(s), 0 hit(s), 0 error(s), 0 left on base; Chesapeake 5 - Colorado Springs 0
TOP OF THE 5TH
Chesapeake Continentals batting - Pitching for Colorado Springs Velocity : RHP Anthony McLaughlin
Batting: RHB Danny Spencer 0-0: Ball
1-0: Ground out 6-3 (Groundball, 6M)
Batting: RHB Roger Lakes 0-0: Foul Ball, location: 2F
0-1: Foul Ball, location: 2F
0-2: Ball
1-2: Ball
2-2: Fly out, F6 (Popup, 6D)
Batting: RHB Gustavo Varela 0-0: Ground out 5-3 (Groundball, 5)
Top of the 5th over - 0 run(s), 0 hit(s), 0 error(s), 0 left on base; Chesapeake 5 - Colorado Springs 0
BOTTOM OF THE 5TH
Colorado Springs Velocity batting - Pitching for Chesapeake Continentals : RHP Joseph Reed
Batting: RHB Luis Sáenz 0-0: Fly out, F7 (Flyball, 78D)
Batting: RHB Brian King 0-0: Ball
1-0: Ball
2-0: Ball
3-0: Base on Balls
Batting: RHB Dave Waller 0-0: Fly out, F8 (Line Drive, 8RM)
Batting: RHB Eric Randolph 0-0: Ball
1-0: Foul Ball, location: 2F
1-1: SINGLE (Line Drive, 6M)
Brian King to second
Batting: RHB Pablo Márquez 0-0: Ball
1-0: Foul Ball, location: 2F
1-1: Called Strike
1-2: SINGLE (Line Drive, 4)
Brian King to third
Eric Randolph to second
Runner from 3rd tries for Home, SAFE, throw made at trailing runner, OUT at third!
Bottom of the 5th over - 1 run(s), 2 hit(s), 0 error(s), 1 left on base; Chesapeake 5 - Colorado Springs 1
TOP OF THE 6TH
Chesapeake Continentals batting - Pitching for Colorado Springs Velocity : RHP Anthony McLaughlin
Batting: LHB Munemori Ohara 0-0: Ball
1-0: Ball
2-0: Swinging Strike
2-1: Called Strike
2-2: Ball
3-2: Strikes out looking
Batting: LHB Thomas Campbell 0-0: Ball
1-0: Fly out, F5 (Line Drive, 56)
Batting: RHB Steve Hinkle 0-0: Ball
1-0: Swinging Strike
1-1: Swinging Strike
1-2: Strikes out looking
Top of the 6th over - 0 run(s), 0 hit(s), 0 error(s), 0 left on base; Chesapeake 5 - Colorado Springs 1
BOTTOM OF THE 6TH
Colorado Springs Velocity batting - Pitching for Chesapeake Continentals : RHP Joseph Reed
Batting: RHB Randy Tucker 0-0: SINGLE (Flyball, 7LM)
Batting: SHB Tom Palmer 0-0: Called Strike
0-1: Ball
1-1: Called Strike
1-2: Strikes out swinging
Batting: RHB Dan Hart 0-0: Ball
1-0: Ball
2-0: Ball
3-0: Called Strike
3-1: SINGLE (Groundball, 56D)
Randy Tucker to second
Batting: RHB Marcos Rivera 0-0: Called Strike
0-1: Fielders Choice at 2nd, 6-4 (Groundball, 6M)
Randy Tucker to third
Batting: RHB Luis Sáenz 0-0: Ball
1-0: Foul Ball, location: 2F
1-1: Ball
2-1: Ball
3-1: Fly out, F4 (Line Drive, 4M)
Bottom of the 6th over - 0 run(s), 2 hit(s), 0 error(s), 2 left on base; Chesapeake 5 - Colorado Springs 1
TOP OF THE 7TH
Chesapeake Continentals batting - Pitching for Colorado Springs Velocity : RHP Anthony McLaughlin
Pitching: RHP Ricardo González
Batting: RHB Gil Moore 0-0: Ball
1-0: Swinging Strike
1-1: Ground out 1-3 (Groundball, 13)
Batting: RHB Brandon Reed 0-0: Ball
1-0: Ball
2-0: SOLO HOME RUN (Flyball, 78XD), Distance : 414 ft
Batting: RHB Cliff May 0-0: Ball
1-0: Ball
2-0: Fly out, F7 (Flyball, 78S)
Batting: RHB Danny Spencer 0-0: Ball
1-0: Ball
2-0: Foul Ball, location: 2F
2-1: SINGLE (Line Drive, 89S)
Batting: RHB Roger Lakes 0-0: Called Strike
0-1: Ball
1-1: Foul Ball, location: 2F
1-2: Strikes out looking
Top of the 7th over - 1 run(s), 2 hit(s), 0 error(s), 1 left on base; Chesapeake 6 - Colorado Springs 1
BOTTOM OF THE 7TH
Colorado Springs Velocity batting - Pitching for Chesapeake Continentals : RHP Joseph Reed
Batting: RHB Brian King 0-0: Ball
1-0: Ball
2-0: Called Strike
2-1: Ball
3-1: SINGLE (Flyball, 9LS)
Batting: RHB Dave Waller 0-0: Ball
1-0: Ball
2-0: DOUBLE (Line Drive, 5D)
Brian King to third
Batting: RHB Eric Randolph 0-0: Foul Ball, location: 2F
0-1: Ball
1-1: Foul Ball, location: 2F
1-2: Foul Ball, location: 2F
1-2: Strikes out swinging
Batting: RHB Pablo Márquez 0-0: Swinging Strike
0-1: Fly out, F9 (Flyball, 89XD)
Runner from 3rd tags up, SCORES, no throw
Pitching: LHP Andrew Morgan
Batting: RHB Randy Tucker 0-0: Ball
1-0: Foul Ball, location: 2F
1-1: Foul Ball, location: 2F
1-2: SINGLE (Line Drive, 8RS)
Dave Waller to third
Runner from 3rd tries for Home, throw and OUT!
Bottom of the 7th over - 1 run(s), 3 hit(s), 0 error(s), 1 left on base; Chesapeake 6 - Colorado Springs 2
TOP OF THE 8TH
Chesapeake Continentals batting - Pitching for Colorado Springs Velocity : RHP Ricardo González
Batting: RHB Gustavo Varela 0-0: Called Strike
0-1: Ball
1-1: Called Strike
1-2: Foul Ball, location: 2F
1-2: SINGLE (Groundball, 6MD)
Batting: LHB Munemori Ohara 0-0: Ball
1-0: Called Strike
1-1: Swinging Strike
1-2: Strikes out looking
Batting: LHB Thomas Campbell 0-0: Ball
1-0: Called Strike
1-1: Ball
2-1: SINGLE (Groundball, 34D)
Gustavo Varela to second
Runner from 2nd tries for 3rd, SAFE, throw made to third
Thomas Campbell to second
Batting: RHB Steve Hinkle 0-0: Hit by Pitch
Batting: RHB Gil Moore 0-0: Called Strike
0-1: Ball
1-1: Ball
2-1: Called Strike
2-2: Ball
3-2: Fly out, F9 (Flyball, 89M)
Runner from 3rd tags up, SCORES, no throw
Pitching: LHP Bobby Warner
Batting: RHB Brandon Reed 0-0: Ball
1-0: Ball
2-0: Ball
3-0: Base on Balls
Thomas Campbell to third
Steve Hinkle to second
Batting: RHB Cliff May 0-0: Swinging Strike
0-1: Called Strike
0-2: Ball
1-2: Ball
2-2: Foul Ball, location: 2F
2-2: SINGLE (Groundball, 56D) (infield hit)
Thomas Campbell scores
Steve Hinkle to third
Brandon Reed to second
Batting: RHB Danny Spencer 0-0: Foul Ball, location: 2F
0-1: Ball
1-1: Ball
2-1: Ball
3-1: Ground out 3-1 (Groundball, 34)
Top of the 8th over - 2 run(s), 3 hit(s), 0 error(s), 3 left on base; Chesapeake 8 - Colorado Springs 2
BOTTOM OF THE 8TH
Colorado Springs Velocity batting - Pitching for Chesapeake Continentals : LHP Andrew Morgan
Batting: SHB Tom Palmer 0-0: Called Strike
0-1: Ball
1-1: SINGLE (Groundball, 56D)
Batting: RHB Dan Hart 0-0: Ball
1-0: SINGLE (Groundball, 56) (infield hit)
Tom Palmer to second
Batting: RHB Marcos Rivera 0-0: Fly out, F8 (Flyball, 8LD)
Runner from 2nd tags up, SAFE at 3rd, no throw
Batting: RHB Luis Sáenz 0-0: Ball
1-0: Called Strike
1-1: Swinging Strike
1-2: Ball
2-2: Fly out, F8 (Flyball, 8LXD)
Runner from 3rd tags up, SCORES, no throw
Batting: RHB Brian King 0-0: Ball
1-0: Foul Ball, location: 2F
1-1: Ground out U3 (Groundball, 3)
Bottom of the 8th over - 1 run(s), 2 hit(s), 0 error(s), 1 left on base; Chesapeake 8 - Colorado Springs 3
TOP OF THE 9TH
Chesapeake Continentals batting - Pitching for Colorado Springs Velocity : LHP Bobby Warner
Pitching: RHP Kelly Hyde
Batting: RHB Roger Lakes 0-0: Ball
1-0: Called Strike
1-1: Called Strike
1-2: Strikes out swinging
Pitching: LHP Jim Unknown
Batting: RHB Gustavo Varela 0-0: Fly out, F8 (Flyball, 78XD)
Batting: LHB Munemori Ohara 0-0: Swinging Strike
0-1: Ball
1-1: Ball
2-1: Foul Ball, location: 2F
2-2: Ball
3-2: Foul Ball, location: 2F
3-2: Foul Ball, location: 2F
3-2: Strikes out swinging
Top of the 9th over - 0 run(s), 0 hit(s), 0 error(s), 0 left on base; Chesapeake 8 - Colorado Springs 3
BOTTOM OF THE 9TH
Colorado Springs Velocity batting - Pitching for Chesapeake Continentals : LHP Andrew Morgan
Pitching: RHP Jim Unknown
Batting: RHB Dave Waller 0-0: Foul Ball, location: 2F
0-1: Foul Ball, location: 2F
0-2: Foul Ball, location: 2F
0-2: Ball
1-2: Strikes out looking
Batting: RHB Eric Randolph 0-0: Called Strike
0-1: Ball
1-1: Swinging Strike
1-2: Strikes out looking
Batting: RHB Pablo Márquez 0-0: Called Strike
0-1: Ball
1-1: Fly out, F8 (Flyball, 8LM)
Bottom of the 9th over - 0 run(s), 0 hit(s), 0 error(s), 0 left on base; Chesapeake 8 - Colorado Springs 3
This league is powered by Out of the Park Baseball, the baseball management simulation game for PC, Mac and Linux
Monday, May 4th, 2015 - OOTP Baseball 15.6 Build 34